 Dungeon Crawl Stone Soup version 0.23.2 (webtiles) character file.

Game seed: 6324726279024989170

3743 Borgoz the Cutter (level 10, -6/60 HPs)
             Began as a Gargoyle Gladiator on Apr 9, 2019.
             Was an Initiate of Ashenzari.
             Mangled by a hornet (11 damage)
             ... on level 8 of the Dungeon.
             The game lasted 00:17:36 (7667 turns).

Borgoz the Cutter (Gargoyle Gladiator)              Turns: 7667, Time: 00:17:37

Health: -6/60      AC: 15    Str: 17    XL:     10   Next: 15%
Magic:  15/15      EV: 14    Int: 10    God:    Ashenzari [......]
Gold:   291        SH:  0    Dex: 14    Spells: 13/16 levels left

rFire    . . .     SeeInvis .   b - +0 dagger (venom)
rCold    . . .     Gourm    .   (no shield)
rNeg     + . .     Faith    .   x - +1 ring mail
rPois    ∞         Spirit   .   c - +0 helmet
rElec    +         Reflect  .   (no cloak)
rCorr    .         Harm     .   (no gloves)
MR       .....     Rnd*Tele +   (no boots)
Stlth    +++.......             (no amulet)
HPRegen  0.20/turn              w - ring of teleportation (curse)
MPRegen  0.14/turn              u - ring of stealth

@: vulnerable
A: negative energy resistance 1, electricity resistance, unbreathing,
petrification resistance, rot immunity, AC +7
a: Curse Item, Renounce Religion


You were on level 8 of the Dungeon.
You worshipped Ashenzari.
Ashenzari was noncommittal.
You were not hungry.

You visited 2 branches of the dungeon, and saw 9 of its levels.

You collected 291 gold pieces.

Inventory:

Hand Weapons
 a - a +0 rapier
 b - a +0 dagger of venom (weapon)
Missiles
 d - 15 tomahawks (quivered)
Armour
 c - a +0 helmet (worn)
 x - a +1 ring mail (worn)
Jewellery
 n - an uncursed ring of resist corrosion
 u - a ring of stealth (right hand)
 w - a cursed ring of teleportation (left hand)
 y - an uncursed ring of magical power
Scrolls
 h - 2 scrolls of magic mapping
 i - a scroll of fog
Potions
 e - a potion of resistance
 j - a potion of mutation
 l - 2 potions of magic
 o - 2 potions of lignification
Comestibles
 f - 12 rations


   Skills:
 + Level 5.7 Fighting
 * Level 6.8 Short Blades
 - Level 1.7 Throwing
 + Level 5.0 Armour
 * Level 6.3 Dodging
 + Level 5.6 Stealth
 + Level 3.8 Spellcasting
 + Level 3.6 Hexes


You had 13 spell levels left.
You knew the following spells:

 Your Spells              Type           Power        Failure   Level  Hunger
a - Confuse               Hex            #.......     30%         3    ###....

Your spell library contained the following spells:

 Spells                   Type           Power        Failure   Level  Hunger
 Corona                   Hex            #......      10%         1    #......
 Tukima's Dance           Hex            #.......     30%         3    ###....
 Ensorcelled Hibernation  Hex/Ice        #.....       32%         2    ###....
 Dazzling Spray           Conj/Hex       #.....       54%         3    ###....


Dungeon Overview and Level Annotations

Branches:
Dungeon (8/15)             Temple (1/1) D:5
   Lair: D:8-11

Altars:
Ashenzari
Cheibriados
Dithmenos
Elyvilon
Fedhas
Gozag
Hepliaklqana
Kikubaaqudgha
Makhleb
Nemelex Xobeh
Okawaru
Qazlal
Ru
Sif Muna
Trog
Uskayaw
Vehumet
Wu Jian
Xom
Yredelemnul
Zin
The Shining One

Shops:
D:4 !   D:5 (


Innate Abilities, Weirdness & Mutations

You are resistant to torment.
Your stone body is resilient. (AC +7)
You are immune to poison.
You resist negative energy. (rN+)
You are resistant to electric shocks. (rElec)
You can survive without breathing.
You are immune to petrification.
You are immune to rotting.


Message History

Unknown command.
Okay, then.
Okay, then.
Your +0 dagger of venom begins to drip with poison!
b - a +0 dagger of venom (weapon)
The bullfrog skeleton hits you.
* * * LOW HITPOINT WARNING * * *
The hornet closely misses you.
You closely miss the hornet.
The hornet is heavily wounded.
The worker ant barely misses you.
The bullfrog skeleton closely misses you.
The hornet barely misses you.
You hit the hornet but do no damage.
The hornet is poisoned.
The hornet is heavily wounded.
The worker ant bites you but does no damage.
You miss the hornet.
The hornet is heavily wounded.
The hornet stings you!
You die...

#..# ≈ ##...+
#8 ###....#
#.. #......#
#8.8#.....?##
............#
......y†Z...#
#....@a...+
#.........#
#.........#
#.........#
###+###.....
...... ......
......


You could see a hornet, a worker ant and a bullfrog skeleton.

Vanquished Creatures
  A two-headed ogre (D:4)
  Pikel (D:5)
  Menkaure (D:5)
  2 ice beasts (D:5)
  4 slaves (D:5)
  A hornet zombie (D:6)
  An orc warrior (D:6)
  2 phantoms (D:6)
  2 sky beasts (D:5)
  4 ogres
  2 centaurs
  A bullfrog (D:5)
  2 gnoll sergeants
  2 scorpions (D:5)
  A killer bee (D:8)
  A howler monkey (D:5)
  3 bullfrog zombies
  4 hounds
  An orc wizard (D:6)
  Crazy Yiuf (D:4)
  5 orc priests
  2 jellies
  Ijyb (D:3)
  An iguana (D:4)
  3 worker ants
  A hound zombie (D:6)
  A hound skeleton (D:5)
  11 gnolls
  11 adders
  2 shadow imps
  2 oozes
  2 adder zombies
  2 worms
  2 leopard geckos
  11 orcs
  6 giant cockroaches
  4 hobgoblins
  13 jackals
  3 quokkas
  A ball python (D:1)
  5 bats
  3 frilled lizards
  4 goblins
  6 kobolds
  2 rats
  2 fungi (D:4)
143 creatures vanquished.

Notes
Turn   | Place    | Note
-------+----------+-------------------------------------------
     0 | D:1      | Borgoz the Gargoyle Gladiator began the quest for the Orb.
     0 | D:1      | Reached XP level 1. HP: 12/12 MP: 1/1
    64 | D:1      | Reached XP level 2. HP: 17/18 MP: 2/2
   780 | D:2      | Reached XP level 3. HP: 20/22 MP: 3/3
   885 | D:2      | Reached skill level 1 in Stealth
  1134 | D:2      | Reached skill level 1 in Armour
  1134 | D:2      | Reached XP level 4. HP: 25/27 MP: 4/4
  1908 | D:3      | Noticed an ogre
  1915 | D:3      | Killed an ogre
  1915 | D:3      | Reached XP level 5. HP: 8/32 MP: 5/5
  2428 | D:3      | Learned a level 3 spell: Confuse
  2748 | D:3      | Noticed Ijyb
  2766 | D:3      | Paralysed by Ijyb for 2 turns
  2778 | D:3      | Paralysed by Ijyb for 7 turns
  2786 | D:3      | Paralysed by Ijyb for 4 turns
  2795 | D:3      | Paralysed by Ijyb for 6 turns
  2816 | D:3      | Killed Ijyb
  2816 | D:3      | Reached XP level 6. HP: 33/37 MP: 6/6
  3016 | D:4      | Found Ostraac's Distillery.
  3247 | D:4      | Noticed a two-headed ogre
  3258 | D:4      | Killed a two-headed ogre
  3258 | D:4      | Reached skill level 1 in Spellcasting
  3258 | D:4      | Reached skill level 1 in Hexes
  3258 | D:4      | Reached XP level 7. HP: 43/43 MP: 6/9
  3258 | D:4      | Reached XP level 8. HP: 48/48 MP: 6/10
  3422 | D:4      | Reached skill level 5 in Short Blades
  4051 | D:4      | Found a runed translucent door.
  4052 | D:4      | Noticed Crazy Yiuf
  4074 | D:4      | Killed Crazy Yiuf
  4219 | D:5      | Entered Level 5 of the Dungeon
  4456 | D:5      | Found Astri's Weapon Emporium.
  4458 | D:5      | Found a shimmering altar of Xom.
  4474 | D:5      | Reached skill level 5 in Dodging
  4761 | D:5      | Found a staircase to the Ecumenical Temple.
  4807 | Temple   | Entered the Ecumenical Temple
  4932 | Temple   | Became a worshipper of Ashenzari the Shackled
  5021 | D:5      | Reached XP level 9. HP: 46/52 MP: 13/13
  5124 | D:5      | Found a stormy altar of Qazlal.
  5841 | D:5      | Noticed Menkaure
  5857 | D:5      | Killed Menkaure
  5857 | D:5      | Reached skill level 5 in Fighting
  6136 | D:6      | Noticed Pikel
  6378 | D:5      | Killed Pikel
  6378 | D:5      | Reached skill level 5 in Stealth
  6847 | D:6      | Reached XP level 10. HP: 41/59 MP: 15/15
  7131 | D:6      | Reached skill level 5 in Armour
  7667 | D:8      | Mangled by a hornet

Skill      XL: |  1  2  3  4  5  6  7  8  9 10 |
---------------+-------------------------------+-----
Short Blades   | 3 4 5 6 |  6.8
Stealth        | 1 2 3 4 5 |  5.6
Armour         | 1 3 4 5 |  5.0
Dodging        | 3 4 5 6 |  6.3
Fighting       | 3 4 5 |  5.7
Spellcasting   | 1 2 3 |  3.8
Hexes          | 1 2 3 |  3.6
Throwing       | |  1.7

Action                   |  1- 3 |  4- 6 |  7- 9 | 10-12 || total
-------------------------+-------+-------+-------+-------++-------
Melee: Rapier            |   134 |   150 |   243 |    90 ||   617
       Dagger            |       |    36 |   305 |    73 ||   414
Throw: Throwing net      |       |     5 |       |     1 ||     6
       Tomahawk          |       |       |     3 |       ||     3
  Use: Scroll            |       |     3 |     8 |     1 ||    12
       Potion            |       |       |    10 |     2 ||    12
 Stab: Held in net/web   |       |     2 |       |       ||     2
       Sleeping          |       |     1 |     6 |       ||     7
       Distracted        |       |       |     1 |       ||     1
  Eat: Chunk             |       |     5 |    11 |     3 ||    19
       Ration            |       |     1 |       |       ||     1
Armor: Leather armour    |    59 |    60 |       |       ||   119
       Ring mail         |       |    15 |   224 |    69 ||   308
Dodge: Dodged            |    98 |   114 |   382 |   155 ||   749
